[Event "Titled Tuesday Blitz May 10 Late 2022"]
[White "Fishbein, Alexander"]
[Black "Zhou, Qiyu"]
[WhiteFideId "2000377"]
[BlackFideId "505161"]
[WhiteElo "2662"]
[BlackElo "2413"]
[Result "0-1"]
[Round "04"]
[TimeControl "180+1"]
[Date "2022.05.11"]
[WhiteClock "0:00:08"]
[BlackClock "0:00:05"]

1. e4 e5 2. Nf3 Nc6 3. Bb5 a6 4. Ba4 Nf6 5. O-O b5 6. Bb3 Be7 7. d4 d6 8. dxe5 Nxe5 9. Nxe5 dxe5 10. Qxd8+ Bxd8 11. a4 Rb8 12. axb5 axb5 13. f3 c5 14. c4 O-O 15. Be3 Be7 16. Ra7 Bd7 17. cxb5 Bxb5 18. Rc1 Bd6 19. Bxc5 Rbc8 20. Rxf7 Rxf7 21. Be3 Rxc1+ 22. Bxc1 Bc5+ 23. Kh1 Bd4 24. Na3 Bc6 25. Nc2 Kf8 26. Bxf7 Kxf7 27. Nxd4 exd4 28. Kg1 Nd7 29. Bf4 Nc5 30. Be5 Nb3 31. Kf2 g6 32. h3 Ke6 33. Bf4 Bb5 34. Bh6 Nc5 35. Bg7 Nd3+ 36. Kg3 Ne5 37. f4 Nc6 38. Kf3 Bf1 39. Kf2 Bd3 40. Kf3 Bc2 41. g4 Bb3 42. f5+ gxf5 43. gxf5+ Kf7 44. Bh8 Bc2 45. Kf4 Kg8 46. Bf6 Kf7 47. Bh8 d3 48. Ke3 Ne7 49. Bc3 Ng8 50. Kf4 Nf6 51. Ke3 Nd7 52. Bd2 Nf6 53. Kf4 Nd7 54. e5 Nc5 55. e6+ Ke8 56. Ke5 Nb3 57. f6 Nxd2 58. f7+ Ke7 59. b4 Nc4+ 60. Kd4 Nb6 61. b5 d2 62. Kc5 d1=Q 63. Kxb6 Qd6+ 64. Ka5 Qxe6 65. b6 Be4 66. b7 Bxb7 0-1


[Site "https://www.chess.com"]

[Event "Titled Tuesday Blitz May 10 Late 2022"]
[White "Girsh, Daniel"]
[Black "Vajda, Levente"]
[WhiteFideId "30949190"]
[BlackFideId "1203975"]
[WhiteElo "2463"]
[BlackElo "2670"]
[Result "0-1"]
[Round "04"]
[TimeControl "180+1"]
[Date "2022.05.11"]
[WhiteClock "0:00:09"]
[BlackClock "0:00:06"]

1. e4 e5 2. Nf3 Nc6 3. Bb5 a6 4. Ba4 Nf6 5. O-O b5 6. Bb3 Bc5 7. a4 b4 8. c3 bxc3 9. bxc3 Ba7 10. d4 O-O 11. Bg5 d6 12. Re1 Rb8 13. Bd5 Bb7 14. dxe5 Nxe5 15. Nxe5 dxe5 16. Nd2 h6 17. Bxf6 Qxf6 18. Qf3 Qg5 19. Rad1 Bxd5 20. exd5 Rb2 21. Ne4 Qg6 22. Re2 Rfb8 23. c4 f5 24. Ng3 e4 25. Qf4 Rxe2 26. Nxe2 Rb2 27. Qxc7 Bb6 28. Qc8+ Kh7 29. Nf4 Qg4 30. Ne6 Qxd1# 0-1


[Site "https://www.chess.com"]

[Event "Titled Tuesday Blitz May 10 Late 2022"]
[White "Gomez Dieguez, David"]
[Black "Moral Garcia, Serafin"]
[WhiteFideId "22223630"]
[BlackFideId "2201925"]
[WhiteElo "2115"]
[BlackElo "2228"]
[Result "0-1"]
[Round "04"]
[TimeControl "180+1"]
[Date "2022.05.11"]
[WhiteClock "0:00:09"]
[BlackClock "0:01:10"]

1. c4 e5 2. Nc3 Nf6 3. Nf3 Nc6 4. e3 Bb4 5. Qc2 Bxc3 6. Qxc3 Qe7 7. d4 exd4 8. Nxd4 Ne5 9. Nf5 Ne4 10. Nxe7 Nxc3 11. Nf5 Ne4 12. Nxg7+ Kf8 13. Nh5 d6 14. Be2 Rg8 15. Ng3 Nc5 16. O-O Ned3 17. Rd1 Nxc1 18. Raxc1 Be6 19. Bf3 Rb8 20. b4 Nd7 21. Bd5 Ke7 22. f4 c6 23. Bxe6 fxe6 24. Ne4 d5 25. Ng5 h6 26. Nf3 a5 27. b5 cxb5 28. cxd5 Rbc8 29. d6+ Kf6 30. Rc7 Rxc7 31. dxc7 Ke7 32. Nd4 b4 33. Nb5 Rc8 34. g4 Nb6 35. Kf2 Nd5 36. Rc1 Kd7 37. Kf3 a4 38. h4 Nxc7 39. Rd1+ Ke7 40. g5 Nxb5 41. Rb1 Nc3 42. Rxb4 b5 43. a3 hxg5 44. fxg5 Rc5 45. Kg4 Nd5 46. Rd4 Nxe3+ 47. Kf3 Nf5 48. Rf4 Rc3+ 49. Kf2 Rxa3 50. h5 Rh3 51. h6 Kf7 52. Rb4 Kg6 53. Rxb5 Kxg5 54. Re5 Rxh6 55. Ra5 Rh4 56. Re5 Kf6 57. Ra5 e5 58. Kg2 Rb4 59. Kf2 e4 60. Ke2 Kg5 61. Kd2 Kf4 62. Ke2 Rb2+ 63. Kd1 Ra2 64. Kc1 e3 65. Kb1 Ra3 66. Kb2 Rb3+ 67. Kc2 Rb4 68. Kc3 Re4 69. Kd3 e2 70. Kd2 e1=Q+ 0-1


[Site "https://www.chess.com"]

[Event "Titled Tuesday Blitz May 10 Late 2022"]
[White "Gomez Ledo, Roberto Carlos"]
[Black "Blackman, Justin"]
[WhiteFideId "3507076"]
[BlackFideId "11100516"]
[WhiteElo "2679"]
[BlackElo "2416"]
[Result "1-0"]
[Round "04"]
[TimeControl "180+1"]
[Date "2022.05.11"]
[WhiteClock "0:00:07"]
[BlackClock "0:00:11"]

1. d4 Nf6 2. Bf4 e6 3. e3 d5 4. Nf3 Bd6 5. Nbd2 O-O 6. Bd3 c5 7. c3 Nc6 8. Bg3 b6 9. e4 Be7 10. e5 Nd7 11. a3 a5 12. Qe2 Bb7 13. h4 h6 14. Bf4 Qc8 15. Qe3 f5 16. Bxh6 Ba6 17. Bg5 Bxd3 18. Qxd3 b5 19. Bxe7 Nxe7 20. Ng5 Ra6 21. Qf3 Qe8 22. Qe2 Rb6 23. b4 axb4 24. axb4 cxd4 25. cxd4 Nb8 26. Qd3 Nec6 27. Qc3 Na6 28. Rb1 Qe7 29. O-O Ncxb4 30. Nb3 Rc6 31. Qf3 g6 32. Qg3 Kg7 33. Nh3 Rh8 34. Nf4 Rh6 35. Nc5 Nxc5 36. dxc5 Na6 37. Rxb5 Nxc5 38. Qg5 Qxg5 39. hxg5 Rh4 40. g3 Rxf4 41. gxf4 Nd3 42. Rb7+ Kf8 43. Ra1 Rc8 44. Rh7 Nxf4 45. Rh8+ 1-0


[Site "https://www.chess.com"]

[Event "Titled Tuesday Blitz May 10 Late 2022"]
[White "Hamley, Ryan"]
[Black "Rosenberg, Evan S"]
[WhiteFideId "30959497"]
[BlackFideId "2019299"]
[WhiteElo "2502"]
[BlackElo "2372"]
[Result "1-0"]
[Round "04"]
[TimeControl "180+1"]
[Date "2022.05.11"]
[WhiteClock "0:00:12"]
[BlackClock "0:00:24"]

1. b3 e5 2. Bb2 Nc6 3. e3 d5 4. Bb5 Ne7 5. Bxe5 a6 6. Bxc6+ Nxc6 7. Bb2 Qg5 8. Kf1 h5 9. Nf3 Qg6 10. d3 h4 11. h3 Be6 12. Nbd2 O-O-O 13. Qe2 Bd6 14. a3 f6 15. Nd4 Nxd4 16. Bxd4 c5 17. Bb2 Rhe8 18. Nf3 Qh6 19. d4 Bd7 20. dxc5 Bxc5 21. a4 Kb8 22. Bd4 Rc8 23. Bxc5 Rxc5 24. Nd4 f5 25. Qf3 Qf6 26. Rd1 g5 27. Kg1 f4 28. Kh2 Qd6 29. exf4 Re4 30. Kg1 Rxf4 31. Qe3 Re4 32. Qxg5 Rc8 33. Nf3 Rxc2 34. Qxd5 Qxd5 35. Rxd5 Bc6 36. Rd4 Ree2 37. Nxh4 Rxf2 38. Rg4 Rfd2 39. Kh2 Rb2 40. Rg3 Rd4 41. Nf3 Bxf3 42. Rxf3 Rdd2 43. Rg3 Ka7 44. Re1 Rd4 45. Ree3 Rh4 46. Rg4 Rxg4 47. hxg4 Rd2 48. g5 Rd5 49. Rg3 Rd7 50. Kh3 Rg7 51. Kg4 Kb6 52. Kf5 Kc6 53. Kf6 Rg8 54. Kf7 Rd8 55. g6 Rd7+ 56. Kf6 Rd6+ 57. Kg5 Rd7 58. Kh6 Rd6 59. Kh7 Rd7+ 60. g7 Rxg7+ 61. Kxg7 Kc5 62. Kf6 Kb4 63. Ke5 b5 64. axb5 axb5 65. Kd4 Ka3 66. Kc5 b4 67. Kc4 Kb2 68. Kxb4 Kc2 69. Rc3+ Kd2 70. g4 Ke2 71. g5 Kf2 72. g6 Ke2 73. g7 Kd1 74. g8=Q Kd2 75. Qg2+ Kd1 76. Rd3+ Kc1 77. Qd2+ Kb1 78. Rh3 Ka1 79. Rh1# 1-0


[Site "https://www.chess.com"]

[Event "Titled Tuesday Blitz May 10 Late 2022"]
[White "Hess, Robert"]
[Black "Avalos Parra, Joao"]
[WhiteFideId "2022036"]
[BlackFideId "3402541"]
[WhiteElo "2842"]
[BlackElo "2433"]
[Result "1-0"]
[Round "04"]
[TimeControl "180+1"]
[Date "2022.05.11"]
[WhiteClock "0:00:41"]
[BlackClock "0:00:19"]

1. b3 Nf6 2. Bb2 g6 3. d3 Bg7 4. Nd2 O-O 5. e3 d6 6. Ne2 c5 7. h3 Nc6 8. g4 a5 9. a4 e5 10. Bg2 Be6 11. Nc4 Qc7 12. Nc3 Rad8 13. g5 Ne8 14. Nd5 Bxd5 15. Bxd5 Qe7 16. Qg4 Nc7 17. Bxc6 bxc6 18. Nxa5 Qe8 19. O-O-O Ra8 20. Nc4 d5 21. Nb6 Ra6 22. Nd7 Ne6 23. Nxf8 Qxf8 24. h4 f5 25. gxf6 Qxf6 26. f4 d4 27. fxe5 Qxe5 28. exd4 Nxd4 29. Qc8+ Kf7 30. Rhf1+ Ke7 31. Rde1 Ne2+ 32. Rxe2 Qxe2 33. Qc7+ Ke6 34. Qf7+ 1-0


[Site "https://www.chess.com"]

[Event "Titled Tuesday Blitz May 10 Late 2022"]
[White "Hoffmann, Asa"]
[Black "Tomaszewski, Kacper"]
[WhiteFideId "2001470"]
[BlackFideId "1127373"]
[WhiteElo "2117"]
[BlackElo "2153"]
[Result "1/2-1/2"]
[Round "04"]
[TimeControl "180+1"]
[Date "2022.05.11"]
[WhiteClock "0:00:12"]
[BlackClock "0:00:03"]

1. d4 d5 2. Bg5 c5 3. dxc5 h6 4. Bh4 Nf6 5. c3 e6 6. b4 a5 7. Nd2 b6 8. e4 dxe4 9. Bxf6 Qxf6 10. Nxe4 Qe5 11. Bb5+ Bd7 12. Qe2 axb4 13. Nf3 Qf4 14. Bxd7+ Nxd7 15. c6 Nc5 16. Nxc5 Bxc5 17. O-O O-O 18. cxb4 Qxb4 19. Ne5 Bd6 20. Nd7 Rfd8 21. Rab1 Qa4 22. Nxb6 Qxa2 23. Qxa2 Rxa2 24. Rfd1 Rc2 25. Nd7 Rxc6 26. Ne5 Rcc8 27. Nf3 Be7 28. g3 Rxd1+ 29. Rxd1 Rd8 30. Rxd8+ Bxd8 31. Kf1 Bb6 32. Ke2 Kf8 33. Ne5 Ke7 34. f4 Bc7 35. Nd3 Kf6 36. h3 h5 37. g4 hxg4 38. hxg4 g5 39. fxg5+ Kxg5 40. Kf3 Bd6 41. Nf2 Be7 42. Ne4+ Kg6 43. Kf4 Bd8 44. Kf3 Ba5 45. Nd6 Bb4 46. Ne4 Ba3 47. Ng3 Bc1 48. Ne4 Kg7 49. Ng3 Kf8 50. Ne4 Ke7 51. Ng3 Kd6 52. Ne4+ Kd5 53. Ng3 Ke5 54. Ne4 Bf4 55. Nf2 Bh6 56. Nd3+ Kd4 57. Nf2 Bf8 58. Ne4 Be7 59. Ng3 Bh4 60. Ne2+ Kd3 61. Nf4+ Kd4 62. Ne2+ Ke5 63. Nf4 Bg5 64. Ne2 f6 65. Ng3 Bh4 66. Ne4 f5 67. gxf5 exf5 68. Nc5 Kd4 69. Ne6+ Kd5 70. Nf4+ Kd4 71. Ne6+ Ke5 72. Ng7 Bd8 73. Nxf5 1/2-1/2


[Site "https://www.chess.com"]

[Event "Titled Tuesday Blitz May 10 Late 2022"]
[White "Holt, Conrad"]
[Black "Godzwon, Iwo"]
[WhiteFideId "2034387"]
[BlackFideId "21802483"]
[WhiteElo "2586"]
[BlackElo "2201"]
[Result "1-0"]
[Round "04"]
[TimeControl "180+1"]
[Date "2022.05.10"]
[WhiteClock "0:01:55"]
[BlackClock "0:01:26"]

1. d4 Nf6 2. c4 e6 3. Nc3 Bb4 4. Qc2 O-O 5. e4 Nc6 6. Nf3 d6 7. e5 dxe5 8. dxe5 Nd7 9. Bf4 Qe7 10. Bd3 h6 11. a3 Bxc3+ 12. Qxc3 Nc5 13. Bc2 a5 14. O-O b6 15. b4 Nd7 16. b5 Nd8 17. Qd3 f5 18. exf6 Nxf6 19. Ne5 Re8 20. Qg6 Nf7 21. Rfe1 Nxe5 22. Bxe5 Ra7 23. Bxf6 Qxf6 24. Qxe8+ 1-0


[Site "https://www.chess.com"]

[Event "Titled Tuesday Blitz May 10 Late 2022"]
[White "Ibarra Jerez, Jose Carlos"]
[Black "Jobava, Baadur"]
[WhiteFideId "2226332"]
[BlackFideId "13601520"]
[WhiteElo "2626"]
[BlackElo "2617"]
[Result "1-0"]
[Round "04"]
[TimeControl "180+1"]
[Date "2022.05.10"]
[WhiteClock "0:00:07"]
[BlackClock "0:00:38"]

1. e4 c6 2. Nf3 d5 3. d3 Bg4 4. h3 Bh5 5. Qe2 dxe4 6. dxe4 e5 7. Nc3 Nd7 8. g4 Bg6 9. Bd2 Qc7 10. h4 f6 11. h5 Bf7 12. g5 O-O-O 13. O-O-O Kb8 14. h6 gxh6 15. gxh6 Ne7 16. Bh3 Ng6 17. Kb1 Bc5 18. a3 Nb6 19. Be3 Nf4 20. Bxf4 exf4 21. Rxd8+ Rxd8 22. Rd1 Nc4 23. Rxd8+ Qxd8 24. e5 b5 25. Ne4 Bh5 26. exf6 Bd4 27. f7 Bxb2 28. Nc5 Bxa3 29. Qd3 Qh8 30. f8=Q+ Qxf8 31. Nd7+ Kb7 32. Nxf8 Bxf3 33. Qxh7+ Ka6 34. Qd3 Bd5 35. h7 Bb2 36. c3 b4 37. h8=Q Bxc3 38. Qhxc3 bxc3 39. Qxc3 Kb5 40. Nd7 a5 41. Ne5 Nd6 42. Bf1+ Kb6 43. Nd7+ Kc7 44. Nc5 Kb6 45. Na4+ Kc7 46. Qxa5+ Kd7 47. Nb6+ Ke6 48. Nxd5 cxd5 49. Bh3+ 1-0


[Site "https://www.chess.com"]

[Event "Titled Tuesday Blitz May 10 Late 2022"]
[White "Jacobson, Aaron"]
[Black "talman67"]
[WhiteFideId "2089912"]
[WhiteElo "2561"]
[BlackElo "2396"]
[Result "1-0"]
[Round "04"]
[TimeControl "180+1"]
[Date "2022.05.11"]
[WhiteClock "0:01:45"]
[BlackClock "0:00:03"]

1. e4 e5 2. Nc3 Nf6 3. d4 exd4 4. Qxd4 Nc6 5. Qd3 Bb4 6. Bd2 O-O 7. O-O-O Re8 8. Nge2 d6 9. Bg5 h6 10. Bxf6 Qxf6 11. Nd5 Qd8 12. Nxb4 Nxb4 13. Qd2 a5 14. a3 Nc6 15. Nc3 Be6 16. f4 a4 17. Be2 Na5 18. g4 Nc4 19. Bxc4 Bxc4 20. h4 b5 21. g5 h5 22. f5 Qb8 23. Qd4 Ra6 24. g6 f6 25. Nd5 Re5 26. Nf4 c5 27. Qc3 Kf8 28. Nxh5 Bg8 29. Nxg7 Kxg7 30. h5 b4 31. h6+ Kf8 32. Qe3 bxa3 33. Qxa3 Re8 34. h7 Bxh7 35. gxh7 Kg7 36. h8=Q+ Rxh8 37. Rdg1+ Kf7 38. Qa2+ 1-0


[Site "https://www.chess.com"]

[Event "Titled Tuesday Blitz May 10 Late 2022"]
[White "Jakubowski, Krzysztof"]
[Black "Sarkar, Justin"]
[WhiteFideId "1112848"]
[BlackFideId "2010011"]
[WhiteElo "2594"]
[BlackElo "2413"]
[Result "1-0"]
[Round "04"]
[TimeControl "180+1"]
[Date "2022.05.11"]
[WhiteClock "0:00:33"]
[BlackClock "0:00:01"]

1. e4 e5 2. Nf3 Nc6 3. Bc4 Nf6 4. Ng5 d5 5. exd5 b5 6. Bf1 Nxd5 7. Bxb5 Bb7 8. d4 exd4 9. O-O Be7 10. Qh5 g6 11. Qh6 Qd7 12. Qg7 O-O-O 13. Qxf7 a6 14. Bxc6 Bxc6 15. Ne6 Rdf8 16. Nxf8 Rxf8 17. Qxh7 Kb8 18. Na3 Qg4 19. Qh3 Qe4 20. Bd2 1-0


[Site "https://www.chess.com"]

[Event "Titled Tuesday Blitz May 10 Late 2022"]
[White "Janaszak, Dawid"]
[Black "Derraugh, Geordie"]
[WhiteFideId "1119206"]
[BlackFideId "2603950"]
[WhiteElo "2682"]
[BlackElo "2495"]
[Result "0-1"]
[Round "04"]
[TimeControl "180+1"]
[Date "2022.05.11"]
[WhiteClock "0:00:12"]
[BlackClock "0:00:17"]

1. e4 c5 2. Nc3 g6 3. Bc4 Bg7 4. h4 h5 5. Qf3 e6 6. d4 cxd4 7. Nb5 d6 8. Bf4 Be5 9. Bxe5 dxe5 10. Qa3 Qd7 11. Nd6+ Kd8 12. Nf3 Nc6 13. Ng5 Nh6 14. O-O-O Kc7 15. Nb5+ Kb8 16. c3 a6 17. Nd6 Qc7 18. cxd4 exd4 19. e5 Nxe5 20. Rxd4 Rd8 21. Nxc8 Rxd4 22. Kb1 Nxc4 23. Qc3 Nd2+ 24. Kc2 Qxc3+ 25. Kxc3 Rc4+ 26. Kxd2 Rxc8 27. Ke3 Ka7 28. Rg1 Rc7 29. Ke4 Nf5 30. Ke5 Nxh4 0-1


[Site "https://www.chess.com"]

[Event "Titled Tuesday Blitz May 10 Late 2022"]
[White "Jeet, Jain"]
[Black "Joubert, Dantelle"]
[WhiteFideId "5073022"]
[BlackFideId "14310813"]
[WhiteElo "2028"]
[BlackElo "1507"]
[Result "1-0"]
[Round "04"]
[TimeControl "180+1"]
[Date "2022.05.11"]
[WhiteClock "0:00:24"]
[BlackClock "0:00:02"]

1. c4 e6 2. Nc3 d5 3. d4 Nf6 4. g3 Be7 5. Bg2 O-O 6. Nf3 dxc4 7. Ne5 c5 8. e3 cxd4 9. exd4 Nc6 10. Nxc6 bxc6 11. Bxc6 Rb8 12. O-O Nd5 13. Qf3 Nb4 14. Be4 f5 15. Bb1 Qxd4 16. Be3 Qf6 17. Qf4 e5 18. Qxc4+ Be6 19. Qe2 f4 20. Bxa7 Rb7 21. Bxh7+ Kh8 22. Qh5 Qh6 23. Qxh6 gxh6 24. Be4 Rxa7 25. a3 Na6 26. b4 fxg3 27. hxg3 Nc7 28. Kg2 Bf5 29. Bf3 Ne6 30. Nb5 Rd7 31. Rfe1 Bf6 32. Rac1 Nd4 33. Bc6 Nxc6 34. Rxc6 e4 35. Nd6 Bh7 36. Nxe4 Re8 37. Nxf6 Rxe1 38. Rc8+ Kg7 39. Nxd7 Bf5 40. Rc7 Re7 41. a4 Bxd7 42. Kh2 Kf6 43. a5 Bb5 44. Rc5 Rb7 45. Rd5 Ke6 46. Rd4 Ke5 47. Rh4 1-0


[Site "https://www.chess.com"]

[Event "Titled Tuesday Blitz May 10 Late 2022"]
[White "Jegorovas, Aleksandras"]
[Black "Szabo, Marton Mihaly"]
[WhiteFideId "12801950"]
[BlackFideId "787086"]
[WhiteElo "2529"]
[BlackElo "2687"]
[Result "0-1"]
[Round "04"]
[TimeControl "180+1"]
[Date "2022.05.11"]
[WhiteClock "0:00:01"]
[BlackClock "0:00:08"]

1. Nf3 c5 2. c4 Nc6 3. Nc3 Nf6 4. e3 g6 5. d4 cxd4 6. exd4 d5 7. cxd5 Nxd5 8. Qb3 e6 9. Bb5 Bg7 10. O-O O-O 11. Bxc6 bxc6 12. Re1 Ba6 13. Ne4 Nb6 14. Bg5 Qd5 15. Qc2 Nd7 16. b3 c5 17. Nxc5 Nxc5 18. dxc5 Bxa1 19. Rxa1 f6 20. Be3 e5 21. Rd1 Qf7 22. c6 Rac8 23. Qe4 Be2 24. Rc1 Bxf3 25. gxf3 Rfd8 26. Qa4 Rc7 27. b4 Qd5 28. b5 Rb8 29. Bxa7 Rxb5 30. Be3 Kf7 0-1


[Site "https://www.chess.com"]

[Event "Titled Tuesday Blitz May 10 Late 2022"]
[White "Jones, Gawain C B"]
[Black "Andreikin, Dmitry"]
[WhiteFideId "409561"]
[BlackFideId "4158814"]
[WhiteElo "2657"]
[BlackElo "2736"]
[Result "0-1"]
[Round "04"]
[TimeControl "180+1"]
[Date "2022.05.10"]
[WhiteClock "0:00:29"]
[BlackClock "0:01:06"]

1. Nf3 b5 2. e4 Bb7 3. Bxb5 Bxe4 4. Nc3 Bxf3 5. Qxf3 c6 6. Bc4 e6 7. d4 d5 8. Bd3 Nf6 9. O-O Bd6 10. Bg5 Nbd7 11. Ne2 Qb8 12. Kh1 Qxb2 13. c4 Qa3 14. Rfc1 Rb8 15. Ng3 h6 16. Bxf6 Nxf6 17. c5 Bc7 18. Bb5 Qxf3 19. Bxc6+ Ke7 20. gxf3 Rb4 21. Ne2 Rhb8 22. Rc2 g5 23. Kg2 Nh5 24. a3 Rb2 25. Ra2 Rb1 26. Ba4 Ng7 27. Ng3 h5 28. Rc3 h4 29. Ne2 h3+ 30. Kxh3 Rh8+ 31. Kg4 Rxh2 32. f4 f5+ 33. Kxg5 Kf7 34. Ng3 Bd8# 0-1


[Site "https://www.chess.com"]

[Event "Titled Tuesday Blitz May 10 Late 2022"]
[White "Kalajzic, Ivan"]
[Black "Svicevic, Rastko"]
[WhiteFideId "14506378"]
[BlackFideId "916315"]
[WhiteElo "2163"]
[BlackElo "2132"]
[Result "1-0"]
[Round "04"]
[TimeControl "180+1"]
[Date "2022.05.11"]
[WhiteClock "0:00:15"]
[BlackClock "0:00:01"]

1. d4 d5 2. Nc3 e6 3. Nf3 f5 4. Bf4 Nf6 5. e3 Bd6 6. Ne5 Nbd7 7. Nxd7 Bxd7 8. Bg5 O-O 9. Be2 Qe8 10. f3 c5 11. Qd2 Qh5 12. Bxf6 Rxf6 13. O-O-O f4 14. e4 cxd4 15. Qxd4 Be5 16. Qb4 Bc6 17. exd5 Bxc3 18. Qxc3 Bxd5 19. Bd3 Rff8 20. Be4 Rac8 21. Qa5 Bxe4 22. Qxh5 Rxc2+ 23. Kb1 Rc5+ 24. fxe4 Rxh5 25. Rd7 Rb8 26. h4 Rc5 27. h5 h6 28. Re7 Re5 29. Rc1 Rg5 30. Rxe6 Rxg2 31. e5 f3 32. Rg6 Rf8 33. e6 Re2 34. Rc7 Re1+ 35. Kc2 Rf6 36. Rcxg7+ Kf8 37. e7+ Rxe7 38. Rxf6+ Kxg7 39. Rxf3 Rf7 40. Rg3+ Kf6 41. Rg6+ Ke7 42. Rxh6 Rf2+ 43. Kc3 Rf4 44. Rh8 Kd6 45. h6 Rh4 46. h7 Kc7 47. b4 a6 48. a4 Rh3+ 49. Kc4 Rh5 50. Kd4 Kb6 51. Ke4 1-0


[Site "https://www.chess.com"]

[Event "Titled Tuesday Blitz May 10 Late 2022"]
[White "Kamsky, Gata"]
[Black "Suder, Jakub"]
[WhiteFideId "2000024"]
[BlackFideId "1195310"]
[WhiteElo "2645"]
[BlackElo "2058"]
[Result "1-0"]
[Round "04"]
[TimeControl "180+1"]
[Date "2022.05.10"]
[WhiteClock "0:00:25"]
[BlackClock "0:00:06"]

1. e4 c5 2. Nf3 e6 3. d4 cxd4 4. Nxd4 Nc6 5. Nc3 Nf6 6. Ndb5 Bc5 7. Nd6+ Ke7 8. Bf4 e5 9. Nf5+ Kf8 10. Be3 Bb4 11. Bd3 d5 12. exd5 Qxd5 13. f3 Bxf5 14. Bxf5 Rd8 15. O-O Bxc3 16. bxc3 Qxd1 17. Rfxd1 Rxd1+ 18. Rxd1 g6 19. Bd7 Kg7 20. Bxc6 bxc6 21. Rd6 Nd5 22. Bc5 Nxc3 23. Rxc6 Nxa2 24. Bxa7 Rd8 25. Be3 Nb4 26. Rc5 Nd5 27. Bg5 f6 28. Bd2 Rd7 29. Kf2 Kf7 30. Ke2 Ke6 31. Rc6+ Ke7 32. c4 Nc7 33. Bb4+ Kf7 34. Rd6 Re7 35. Rd8 Ne6 36. Bxe7 Kxe7 37. Rh8 Nf4+ 38. Kf1 h5 39. g3 Nd3 40. Ke2 1-0


[Site "https://www.chess.com"]

[Event "Titled Tuesday Blitz May 10 Late 2022"]
[White "Kanyamarala, Trisha"]
[Black "Lehtosaari, Mauri"]
[WhiteFideId "45004722"]
[BlackFideId "501999"]
[WhiteElo "2134"]
[BlackElo "2511"]
[Result "1/2-1/2"]
[Round "04"]
[TimeControl "180+1"]
[Date "2022.05.11"]
[WhiteClock "0:00:03"]
[BlackClock "0:00:10"]

1. Nf3 d5 2. c4 c6 3. e3 Nf6 4. Nc3 a6 5. b3 Bg4 6. Bb2 e6 7. Be2 Nbd7 8. d4 Bd6 9. O-O O-O 10. Qc2 b5 11. e4 b4 12. e5 bxc3 13. Bxc3 Be7 14. exf6 Bxf6 15. h3 Bf5 16. Qd2 h6 17. Rac1 Qb6 18. Ba5 Qb7 19. cxd5 exd5 20. Bd3 Bxd3 21. Qxd3 Rfe8 22. Rc2 Nf8 23. Rfc1 Rac8 24. b4 Ne6 25. g3 g6 26. Rc3 Ng7 27. Qc2 Re6 28. a4 Ne8 29. Rb1 Nd6 30. Qd3 Rce8 31. Rbc1 Nc4 32. Nd2 Nxd2 33. Qxd2 Re4 34. Rxc6 Bxd4 35. Rc7 Qb8 36. Qxh6 Bb6 37. Bxb6 Qxb6 38. R1c2 Re1+ 39. Kg2 Qe6 40. Qf4 Qe4+ 41. Qxe4 R1xe4 42. Ra7 R8e6 43. Rcc7 Rf6 44. b5 axb5 45. axb5 Rb4 46. Ra6 Rxa6 47. bxa6 Ra4 48. a7 Kg7 49. Rd7 Kf6 50. Rxd5 Rxa7 51. Rb5 Ra3 52. g4 Kg7 53. f3 Ra2+ 54. Kg3 Ra1 55. h4 Rg1+ 56. Kf4 Ra1 57. Kg3 Rg1+ 58. Kh2 Ra1 59. Rc5 Ra3 60. Kg3 Ra1 61. Re5 Rg1+ 62. Kh3 Ra1 63. Re2 Ra3 64. Kg3 Rb3 65. Rd2 Ra3 66. Rh2 Rb3 67. h5 gxh5 68. Rxh5 Kg6 69. Rc5 f6 70. Rc6 Ra3 71. Rc5 Rb3 72. Rc4 Rb1 73. Kf4 Rb6 74. Rd4 Ra6 75. Rc4 Rb6 76. Kg3 Rd6 77. Rc3 Rd4 78. f4 Rd7 79. Re3 Kf7 80. Kf3 Ra7 81. Rc3 Rb7 82. Ke4 Rb4+ 83. Kf3 Rb7 84. Kg3 Kg6 85. Rf3 Ra7 86. Re3 Rb7 87. Re8 Kf7 88. Rd8 Kg6 89. Rd3 Ra7 90. Kf3 Re7 91. Kg3 Ra7 92. Rf3 Rb7 93. Kh4 Rh7+ 94. Kg3 Ra7 95. Re3 Rb7 96. Rd3 Ra7 1/2-1/2


[Site "https://www.chess.com"]

[Event "Titled Tuesday Blitz May 10 Late 2022"]
[White "Karas, Marek"]
[Black "Zivkovic, Nemanja"]
[WhiteFideId "14928558"]
[BlackFideId "942154"]
[WhiteElo "2397"]
[BlackElo "2539"]
[Result "1-0"]
[Round "04"]
[TimeControl "180+1"]
[Date "2022.05.11"]
[WhiteClock "0:00:19"]
[BlackClock "0:00:37"]

1. d4 Nf6 2. Bf4 c5 3. e3 cxd4 4. exd4 e6 5. c3 b6 6. Nd2 Bb7 7. Ngf3 d6 8. Bd3 Be7 9. O-O O-O 10. a4 a6 11. h3 Nbd7 12. Qe2 Re8 13. Rfe1 Qc7 14. Bh2 Nf8 15. Ng5 Ng6 16. Bc4 Nf8 17. Ndf3 Nd5 18. Bd3 Bf6 19. Ne4 Be7 20. Nfd2 g6 21. Nc4 Rad8 22. Ne3 Nxe3 23. Qxe3 Nd7 24. Qh6 Nf6 25. Ng5 Bf8 26. Qh4 Bg7 27. Rad1 h6 28. Ne4 Nxe4 29. Bxe4 Bxe4 30. Qxe4 Qd7 31. Qc2 d5 32. Qb3 b5 33. axb5 Qxb5 34. Qc2 Re7 35. Ra1 Rb7 36. Ra2 a5 37. Rea1 a4 38. Bf4 Bf8 39. Qd2 Kh7 40. Be5 Ra8 41. Qf4 Bg7 42. Bd6 Qc4 43. Bb4 g5 44. Qe3 Rxb4 45. cxb4 Bxd4 46. Qf3 Kg7 47. Rxa4 Rxa4 48. Rxa4 Be5 49. g3 Qc1+ 50. Kg2 Qxb2 51. Ra7 Bf6 52. Qg4 Qb1 53. Qxe6 1-0


[Site "https://www.chess.com"]

[Event "Titled Tuesday Blitz May 10 Late 2022"]
[White "Kate1606"]
[Black "Ng, Gary"]
[BlackFideId "2604914"]
[WhiteElo "2079"]
[BlackElo "2236"]
[Result "0-1"]
[Round "04"]
[TimeControl "180+1"]
[Date "2022.05.11"]
[WhiteClock "0:00:02"]
[BlackClock "0:00:06"]

1. e4 c6 2. d4 d5 3. exd5 cxd5 4. Bd3 Nc6 5. c3 Qc7 6. Ne2 Bg4 7. O-O e6 8. Qe1 Bd6 9. f3 Bh5 10. Qh4 Nf6 11. Bg5 Bg6 12. Bxg6 fxg6 13. Bxf6 gxf6 14. Qxf6 Bxh2+ 15. Kh1 Rf8 16. Qxe6+ Ne7 17. Na3 a6 18. Nc2 Bd6 19. Ne3 Qd7 20. Qxd7+ Kxd7 21. Ng4 Nf5 22. Rfe1 Rae8 23. Kg1 h5 24. Nf2 Ne3 25. Rac1 Re7 26. Nd3 Rfe8 27. Kf2 Nxg2 28. Kxg2 Rxe2+ 29. Rxe2 Rxe2+ 30. Kf1 Rd2 31. Nc5+ Bxc5 32. dxc5 Kc6 33. Re1 Rxb2 34. Re6+ Kxc5 35. Rxg6 Rxa2 36. Rg5 Rc2 37. f4 Rxc3 38. Ke2 Rc4 0-1


[Site "https://www.chess.com"]

[Event "Titled Tuesday Blitz May 10 Late 2022"]
[White "Keymer, Vincent"]
[Black "Stoleriu, George"]
[WhiteFideId "12940690"]
[BlackFideId "1227505"]
[WhiteElo "2548"]
[BlackElo "2194"]
[Result "1-0"]
[Round "04"]
[TimeControl "180+1"]
[Date "2022.05.10"]
[WhiteClock "0:00:03"]
[BlackClock "0:00:02"]

1. Nf3 Nf6 2. c4 e6 3. Nc3 Bb4 4. Qc2 O-O 5. a3 Bxc3 6. Qxc3 d6 7. b4 b6 8. Bb2 Bb7 9. e3 Nbd7 10. Be2 Qe7 11. d3 e5 12. O-O Ne8 13. Rae1 f5 14. Nd2 Nef6 15. d4 Rae8 16. dxe5 dxe5 17. h3 Kh8 18. Rd1 Rd8 19. Bf3 e4 20. Be2 Rfe8 21. Nb3 c5 22. Rd2 Nf8 23. bxc5 bxc5 24. Rfd1 Rxd2 25. Qxd2 Ne6 26. Qd6 Qxd6 27. Rxd6 Re7 28. Kf1 Kg8 29. g3 Ne8 30. Rd2 Bc6 31. Ke1 Rd7 32. Na5 Rxd2 33. Kxd2 Ba4 34. Be5 Kf7 35. g4 g6 36. gxf5 gxf5 37. Kc3 Nf6 38. Nb3 Nd7 39. Bd6 Bxb3 40. Kxb3 Nb6 41. Bb8 a6 42. Ba7 Nc8 43. Bb8 Nb6 44. Be5 Ke7 45. Bh5 Nd7 46. Bc3 Nd8 47. f3 Nc6 48. f4 Nb6 49. Be2 a5 50. Kb2 Na4+ 51. Kb3 Nb6 52. Kc2 a4 53. Be1 Ke6 54. Kc3 Na5 55. Bh4 Kd6 56. Bd8 Kc6 57. Bxb6 Kxb6 58. Bd1 Nb7 59. Bxa4 Nd6 60. Bd7 Kc7 61. Be6 h5 62. h4 Nc8 63. Bxf5 Ne7 64. Bxe4 1-0


[Site "https://www.chess.com"]

[Event "Titled Tuesday Blitz May 10 Late 2022"]
[White "Khripachenko, Alexander"]
[Black "Svane, Frederik"]
[WhiteFideId "54184975"]
[BlackFideId "12923044"]
[WhiteElo "2138"]
[BlackElo "2459"]
[Result "1-0"]
[Round "04"]
[TimeControl "180+1"]
[Date "2022.05.10"]
[WhiteClock "0:00:34"]
[BlackClock "0:00:58"]

1. e4 c5 2. Nf3 d6 3. d4 cxd4 4. Nxd4 Nf6 5. f3 Nc6 6. c4 e5 7. Nc2 Be7 8. Nc3 O-O 9. Be3 Be6 10. Qd2 h6 11. Nd5 Nd7 12. Be2 Bg5 13. Bxg5 hxg5 14. O-O-O Nc5 15. Kb1 Bxd5 16. cxd5 Nb8 17. Ne3 Qf6 18. b4 Na4 19. Bb5 Nb6 20. h4 gxh4 21. Ng4 Qe7 22. g3 hxg3 23. Nh6+ gxh6 24. Qxh6 f5 25. Qh8+ Kf7 26. Rh7+ Kg6 27. Rh6+ Kg5 28. Rh5+ Kf4 29. Qh6+ Kxf3 30. Rf1+ Kxe4 31. Qd2 g2 32. Qd3# 1-0


[Site "https://www.chess.com"]